 Dungeon Crawl Stone Soup version 0.24.0-41-g2ae2f7f1be (webtiles) character file.

Game seed: 13299963563479155271, levelgen mode: deterministic

6239 Freitmort the Thaumaturge (level 10, -3/51 HPs)
             Began as a Deep Elf Conjurer on Dec 3, 2019.
             Was a Priest of Vehumet.
             Slain by a hornet (13 damage)
             ... while paralysed by a hornet
             ... on level 8 of the Dungeon on Dec 10, 2019.
             The game lasted 01:15:53 (13419 turns).

Freitmort the Thaumaturge (Deep Elf Conjurer)      Turns: 13419, Time: 01:15:54

Health: -3/51      AC: 12    Str:  7    XL:     10   Next: 62%
Magic:  36/38      EV:  2    Int: 22    God:    Vehumet [***...]
Gold:   251        SH:  0    Dex: 15    Spells: 29/36 levels left

rFire    + + .     SeeInvis .   a - +2 dagger (venom)
rCold    . . .     Gourm    .   (no shield)
rNeg     . . .     Faith    .   x - +2 robe {rF+}
rPois    .         Spirit   .   (no helmet)
rElec    .         Reflect  +   (no cloak)
rCorr    .         Harm     .   (no gloves)
MR       +....                  u - +2 pair of boots
Stlth    +++.......             p - amulet "Dukh" {Reflect rF+ SH+2}
HPRegen  0.17/turn              v - ring of magical power
MPRegen  0.26/turn              f - +5 ring of protection

@: paralysed, lethally poisoned (-3 -> -14), slowed
A: no striking features
a: Renounce Religion


You were on level 8 of the Dungeon.
You worshipped Vehumet.
Vehumet was most pleased with you.
You were not hungry.

You visited 2 branches of the dungeon, and saw 10 of its levels.

You collected 601 gold pieces.
You spent 350 gold pieces at shops.

Inventory:

Hand Weapons
 a - a +2 dagger of venom (weapon)
 r - a +2 dagger of electrocution
Armour
 u - a +2 pair of boots (worn)
 x - a +2 robe of fire resistance (worn)
Jewellery
 f - a +5 ring of protection (right hand)
 k - an uncursed ring of stealth
 p - the amulet "Dukh" (around neck) {Reflect rF+ SH+2}
   (You found it on level 5 of the Dungeon)

   [amulet of reflection]

   It shields you and reflects attacks.
   It protects you from fire.
   It affects your SH (+2).
 q - a +4 ring of protection
 t - an uncursed ring of protection from cold
 v - a ring of magical power (left hand)
Scrolls
 d - a scroll of blinking
 g - 2 scrolls of amnesia
 i - 4 scrolls of identify
 l - 6 scrolls of remove curse
 o - 2 scrolls of fog
 w - a scroll of magic mapping
Potions
 b - 9 potions of curing
 e - a potion of agility
 h - 2 potions of magic
 j - 2 potions of brilliance
 m - a potion of might
 n - a potion of cancellation
 s - a potion of flight
Comestibles
 c - 18 rations


   Skills:
 + Level 0.4 Fighting
 + Level 0.2 Short Blades
 + Level 5.4 Dodging
 + Level 6.6 Stealth
 + Level 13.7 Spellcasting
 + Level 11.0 Conjurations
 + Level 3.1 Ice Magic
 * Level 2.8 Poison Magic


You had 29 spell levels left.
You knew the following spells:

 Your Spells              Type           Power        Failure   Level  Hunger
a - Magic Dart            Conj           ####         1%          1    None
b - Searing Ray           Conj           ######       1%          2    None
c - Freeze                Ice            ####         1%          1    None
d - Sting                 Conj/Pois      ####         1%          1    None
e - Throw Frost           Conj/Ice       #####.       1%          2    None

Your spell library contained the following spells:

 Spells                   Type           Power        Failure   Level  Hunger
 Dazzling Spray           Conj/Hex       #####.       1%          3    None
 Force Lance              Conj/Tloc      #####...     1%          4    None
 Fulminant Prism          Conj/Hex       #####.....   1%          4    None
 Iskenderun's Mystic Bla  Conj           ######..     1%          4    None
 Infusion                 Chrm           ###.         4%          1    None
 Summon Small Mammal      Summ           ###.         4%          1    None
 Call Imp                 Summ           ###.....     6%          2    None
 Shroud of Golubria       Chrm/Tloc      ###...       6%          2    None
 Song of Slaying          Chrm           ###.....     6%          2    None
 Call Canine Familiar     Summ           ###.....     12%         3    None
 Regeneration             Chrm/Necr      ###.......   12%         3    None
 Spectral Weapon          Hex/Chrm       ###.....     12%         3    None
 Summon Guardian Golem    Hex/Summ       ###.....     12%         3    None
 Summon Ice Beast         Ice/Summ       ###.....     22%         4    None
 Summon Lightning Spire   Summ/Air       ###.....     38%         4    None


Dungeon Overview and Level Annotations

Branches:
Dungeon (9/15)             Temple (1/1) D:6            Lair (0/6) D:9
    Orc (0/2) D:9

Altars:
Ashenzari
Cheibriados
Dithmenos
Elyvilon
Fedhas
Gozag
Hepliaklqana
Kikubaaqudgha
Makhleb
Nemelex Xobeh
Okawaru
Qazlal
Ru
Sif Muna
Trog
Uskayaw
Vehumet
Wu Jian
Xom
Yredelemnul
Zin
The Shining One

Shops:
D:5 *(   D:6 ([%

Annotations:
D:4 Edmund
D:7 Harold
D:8 Joseph, Maurice


Message History

Aim: a hornet (hasn't noticed you)
The searing ray misses the hornet. (Press . to maintain the ray.)
The hornet buzzes angrily.
You hear an angry buzzing noise.
The hornet stings you!
You feel yourself slow down.
The searing ray hits the hornet but does no damage.
The hornet stings you!
You feel as though you will be slow longer.
The hornet closely misses you. The hornet stings you!
You are poisoned.
You suddenly lose the ability to move!
You feel sick. The hornet stings you.
* * * LOW HITPOINT WARNING * * *
You are lethally poisoned!
You feel as though you will be slow longer.
* * * LOW HITPOINT WARNING * * *
You feel sick.
The hornet stings you but does no damage.
The hornet stings you!
You die...

#.# #.# #.# ######
#.# ###....## #.#
#.......#### #.#
###.###....## #.#
##.#.#.###.## #
###.#####.#.#######.#
#
#.......##@#.#...##.#
#
#[####.##.#y####.##.#
## #[####.###
#.#.#.#.##
.######.#....#
##......#
.[...[....##.#
###.##.#
...#.#######.###
#.##.# .....#
#...#######.##.#
...###
####.##.>...##.##
.### #.##[#####.#)##


You could see a hornet.

Vanquished Creatures
  A two-headed ogre (D:9)
  Psyche (D:8)
  Prince Ribbit (D:7)
  A hornet (D:7)
  2 hippogriffs
  Eustachio (D:5)
  A wyvern (D:8)
  A soldier ant (D:8)
  An ice beast (D:7)
  3 orc warriors
  4 phantoms
  3 ogres
  2 centaurs
  A crocodile (D:9)
  2 big kobolds
  5 bullfrogs
  10 scorpions
  8 killer bees
  3 wights (D:8)
  An electric eel (D:7)
  A howler monkey (D:5)
  4 crimson imps
  3 jellies
  3 hounds
  2 bullfrog skeletons
  A centaur skeleton (D:7)
  4 orc priests (D:9)
  7 orc wizards
  2 iguanas
  12 worker ants
  A killer bee zombie (D:6)
  A hound zombie (D:9)
  A hound skeleton (D:4)
  A worker ant zombie (D:8)
  8 gnolls
  10 adders
  A river rat (D:3)
  A shadow imp (D:9)
  An adder skeleton (D:9)
  2 adder zombies
  4 dart slugs
  4 worms (D:3)
  2 leopard geckos
  43 orcs
  6 giant cockroaches
  10 goblins
  9 hobgoblins
  4 jackals
  17 kobolds
  3 quokkas
  13 bats
  3 frilled lizards
  A jackal skeleton (D:5)
  A leopard gecko skeleton (D:4)
  A quokka skeleton (D:6)
  2 quokka zombies (D:7)
  11 rats
252 creatures vanquished.

Vanquished Creatures (others)
  15 fungi (D:6)
15 creatures vanquished.

Grand Total: 267 creatures vanquished

Notes
Turn   | Place    | Note
-------+----------+-------------------------------------------
     0 | D:1      | Freitmort the Deep Elf Conjurer began the quest for the
                  | Orb.
     0 | D:1      | Reached XP level 1. HP: 10/10 MP: 6/6
   302 | D:1      | Reached XP level 2. HP: 15/15 MP: 5/8
   827 | D:1      | Reached skill level 5 in Conjurations
   934 | D:1      | Learned a level 2 spell: Searing Ray
  1118 | D:2      | Reached XP level 3. HP: 19/19 MP: 7/9
  1696 | D:2      | Reached XP level 4. HP: 24/24 MP: 6/11
  1753 | D:2      | Reached skill level 4 in Spellcasting
  2273 | D:3      | Noticed a moth of wrath
  2646 | D:3      | Reached XP level 5. HP: 28/28 MP: 8/13
  2674 | D:3      | Found a bloodstained altar of Trog.
  3048 | D:3      | Reached skill level 5 in Spellcasting
  3371 | D:3      | Found a bloodstained altar of Trog.
  3750 | D:4      | Reached XP level 6. HP: 27/32 MP: 5/16
  3978 | D:4      | Reached skill level 6 in Spellcasting
  4068 | D:4      | Noticed Edmund
  4673 | D:5      | Entered Level 5 of the Dungeon
  4676 | D:5      | Noticed Eustachio
  4685 | D:5      | Killed Eustachio
  4685 | D:5      | Reached XP level 7. HP: 36/36 MP: 4/19
  4769 | D:5      | Found Towecir's Weapon Shoppe.
  4979 | D:5      | Reached skill level 7 in Spellcasting
  5210 | D:5      | Got a fine bronze amulet
  5220 | D:5      | Identified the amulet "Dukh" {Reflect rF+ SH+2} (You found
                  | it on level 5 of the Dungeon)
  5229 | D:5      | Found Xohius's Assorted Antiques.
  5233 | D:5      | Bought a scroll of identify for 46 gold pieces
  5233 | D:5      | Bought a scroll of identify for 46 gold pieces
  5233 | D:5      | Bought a scroll of identify for 46 gold pieces
  5233 | D:5      | Bought an emerald potion for 20 gold pieces
  5233 | D:5      | Bought a sapphire potion for 20 gold pieces
  5233 | D:5      | Bought a potion of curing for 69 gold pieces
  5907 | D:6      | Found a staircase to the Ecumenical Temple.
  5942 | D:6      | Reached skill level 8 in Spellcasting
  5995 | Temple   | Entered the Ecumenical Temple
  6060 | Temple   | Became a worshipper of Vehumet
  6350 | D:6      | Reached XP level 8. HP: 41/41 MP: 19/22
  6367 | D:6      | Reached skill level 5 in Stealth
  7015 | D:6      | Found Gadgho Atomo's Food Emporium.
  7173 | D:6      | Reached skill level 9 in Spellcasting
  7258 | D:6      | Found Nyicope's Weapon Shoppe.
  7419 | D:6      | Found Ujoad's Antique Armour Shoppe.
  7427 | D:6      | Bought an embroidered robe for 103 gold pieces
  7906 | D:6      | Reached skill level 10 in Spellcasting
  8348 | D:7      | Noticed Prince Ribbit
  8397 | D:7      | Upgraded the game from 0.24.0-37-gcf1ca852f1 to
                  | 0.24.0-41-g2ae2f7f1be
  8413 | D:7      | Reached XP level 9. HP: 29/45 MP: 25/25
  8574 | D:7      | Reached * piety under Vehumet
  8574 | D:7      | Offered knowledge of Freeze by Vehumet.
  8581 | D:7      | Learned a level 1 spell: Freeze
  8730 | D:7      | Reached skill level 11 in Spellcasting
  8736 | D:7      | Noticed Harold
  9031 | D:7      | Killed Prince Ribbit
  9225 | D:8      | Reached skill level 10 in Conjurations
  9261 | D:8      | Reached skill level 1 in Ice Magic
  9409 | D:8      | Noticed Psyche
  9558 | D:8      | Reached skill level 12 in Spellcasting
  9764 | D:8      | Noticed Maurice
  9815 | D:8      | Found a shimmering blue altar of Sif Muna.
 10370 | D:8      | Noticed Joseph
 10471 | D:8      | Reached XP level 10. HP: 48/50 MP: 28/28
 11018 | D:9      | Reached ** piety under Vehumet
 11018 | D:9      | Offered knowledge of Sting by Vehumet.
 11055 | D:9      | Learned a level 1 spell: Sting
 11627 | D:9      | Reached skill level 1 in Poison Magic
 11696 | D:9      | Reached skill level 5 in Dodging
 11748 | D:9      | Found a staircase to the Orcish Mines.
 11959 | D:9      | Noticed a two-headed ogre
 11966 | D:9      | Killed a two-headed ogre
 11966 | D:9      | Reached skill level 13 in Spellcasting
 12125 | D:9      | Offered knowledge of Throw Frost by Vehumet.
 12129 | D:9      | Learned a level 2 spell: Throw Frost
 12207 | D:9      | Found a staircase to the Lair.
 12260 | D:9      | Reached *** piety under Vehumet
 12880 | D:8      | Killed Psyche
 13417 | D:8      | Paralysed by a hornet for 3 turns
 13419 | D:8      | Slain by a hornet

Levels and vault maps discovered:
D:1:      doesnt_arrival_eight_statues, layout_basic, minmay_split_cup_large
D:2:      layout_basic, first_ration, solitary_fountain, hex_large
D:3:      layout_rooms, tgw_trog, gup_sewer_entry_spiral, trog_hazing_becter
D:4:      layout_basic, uniq_edmund
D:5:      layout_loops_corners, serial_shops, shop, nicolae_shop_behind_doors,
          st_stairs_10, uniq_eustachio
D:6:      old_forge, layout_gridville, minmay_temple_entry_mist, serial_shops,
          nicolae_shop_trees, shop_fountains, kennysheep_mini_moat
D:7:      layout_cave_pools, minmay_crystal_water, uniq_prince_ribbit1,
          uniq_harold
D:8:      layout_loops_ring, basic_altar, hangedman_pestilent_swarm,
          uniq_psyche, uniq_maurice, uniq_joseph
D:9:      layout_irregular_city, lair_entry_dummy, hiddenorc2_lemuel
Temple:   regret_index_temple_sigil_plot

Skill      XL: |  1  2  3  4  5  6  7  8  9 10 |
---------------+-------------------------------+-----
Conjurations   | 5 6 7 9 10 11 | 11.0
Stealth        | 3 4 5 6 |  6.6
Spellcasting   | 4 5 6 8 10 12 13 | 13.7
Dodging        | 3 4 5 |  5.4
Ice Magic      | 3 |  3.1
Poison Magic   | 2 |  2.8
Fighting       | |  0.4
Short Blades   | |  0.2

Action                   |  1- 3 |  4- 6 |  7- 9 | 10-12 || total
-------------------------+-------+-------+-------+-------++-------
Melee: Dagger            |     3 |       |       |       ||     3
 Cast: Magic Dart        |    79 |   141 |   189 |   174 ||   583
       Searing Ray       |       |    17 |    50 |    28 ||    95
       Freeze            |       |       |     1 |       ||     1
       Throw Frost       |       |       |       |     9 ||     9
       Sting             |       |       |       |     9 ||     9
  Use: Scroll            |     8 |     5 |    10 |     2 ||    25
       Potion            |       |       |     1 |       ||     1
  Eat: Chunk             |     2 |     9 |    10 |     8 ||    29
       Ration            |       |       |     2 |     1 ||     3
Armor: Robe              |     4 |     7 |    39 |    25 ||    75
Dodge: Dodged            |     8 |    38 |    58 |    57 ||   161
Block: Other             |       |       |     3 |     6 ||     9
